[Event "*** Titled Tuesday Blitz"]
[Site "Chess.com"]
[Date "2021.04.27"]
[Round "6"]
[White "MFguimaraes"]
[Black "PawnEatingZombie"]
[Result "1-0"]
[WhiteElo "2430"]
[BlackElo "2251"]
[TimeControl "180+1"]
[EndTime "11:04:24 PDT"]
[Termination "MFguimaraes won by resignation"]

1. e4 c6 2. Bc4 d5 3. Bb3 dxe4 4. Qh5 g6 5. Qh4 Nf6 6. f3 exf3 7. Nxf3 Bg7 8. d4 Qa5+ 9. Nc3 Qh5 10. Qxh5 Nxh5 11. O-O O-O 12. Bg5 Nf6 13. Rae1 e6 14.
Ne5 Nd5 15. Nxd5 cxd5 16. Be7 Nc6 17. Bxf8 Bxe5 18. dxe5 Kxf8 19. c4 d4 20. Ba4 Bd7 21. Bxc6 Bxc6 22. Rf4 Rd8 23. Ref1 Rd7 24. Rd1 d3 25.
Kf2 b5 26. b3 bxc4 27. bxc4 d2 28. Ke3 Bxg2 29. Rxd2 Rc7 30. Rxg2 1-0

[Event "*** Titled Tuesday Blitz"]
[Site "Chess.com"]
[Date "2021.04.27"]
[Round "6"]
[White "BigAl"]
[Black "AsaHoffmann"]
[Result "0-1"]
[WhiteElo "2562"]
[BlackElo "2381"]
[TimeControl "180+1"]
[EndTime "11:04:30 PDT"]
[Termination "AsaHoffmann won by resignation"]

1. Nf3 d6 2. e4 Bg4 3. d3 c5 4. Nbd2 Nc6 5. g3 g6 6. Bg2 Bg7 7. O-O e6 8. h3 Bxf3 9. Nxf3 Nge7 10. c3 O-O 11. Bg5 h6 12. Be3 b6 13. Qd2 Kh7 14.
d4 cxd4 15. cxd4 d5 16. e5 Nf5 17. h4 Rc8 18. Bf4 Qe7 19. Rfc1 Qb4 20. Qxb4 Nxb4 21. g4 Rxc1+ 22. Rxc1 Nd3 23. gxf5 Nxf4 24. f6 Ne2+ 25.
Kf1 Nxc1 26. fxg7 Kxg7 27. Ke1 Nxa2 28. Kd2 Nb4 29. Bf1 Nc6 30. Ne1 Nxd4 31. Kc3 Nf5 32. Nf3 Rc8+ 33. Kd2 Rc5 34. Bd3 a5 35. Bxf5 gxf5 36.
Nd4 Rc4 37. Kd3 Rb4 38. Kc3 b5 39. b3 Rxd4 40. Kxd4 a4 41. bxa4 bxa4 42. Kc3 Kg6 0-1

[Event "*** Titled Tuesday Blitz"]
[Site "Chess.com"]
[Date "2021.04.27"]
[Round "6"]
[White "jerry_77"]
[Black "Vice64"]
[Result "0-1"]
[WhiteElo "2475"]
[BlackElo "2665"]
[TimeControl "180+1"]
[EndTime "11:04:40 PDT"]
[Termination "Vice64 won by resignation"]

1. e4 c5 2. Nf3 Nc6 3. Nc3 d6 4.
d4 cxd4 5. Nxd4 Nf6 6. Bg5 e6 7. Qd2 a6 8. O-O-O Bd7 9. f3 b5 10. h4 Rc8 11. Nxc6 Bxc6 12. Kb1 Be7 13. g4 h5 14. gxh5 Nxh5 15. Rg1 Nf6 16. Bd3 Qc7 17. Ne2 e5 18. Ng3 Bd7 19. Nf1 Be6 20. Ne3 Nh5 21. Nf5 Bxf5 22. exf5 Bxg5 23. Rxg5 d5 24. Re1 f6 25. Rg4 Kf8 26. a4 Qc5 27. axb5 axb5 28. Rb4 Rb8 29. Rb3 Nf4 30. Qh2 b4 31. Rd1 Kf7 32. Rg1 Ra8 33. Qg3 Rh7 34. c3 Nxd3 0-1

[Event "*** Titled Tuesday Blitz"]
[Site "Chess.com"]
[Date "2021.04.27"]
[Round "6"]
[White "IANOV0007"]
[Black "vovachesss"]
[Result "1-0"]
[WhiteElo "2479"]
[BlackElo "2603"]
[TimeControl "180+1"]
[EndTime "11:04:40 PDT"]
[Termination "IANOV0007 won on time"]

1. Nf3 d5 2. g3 Bg4 3. Bg2 Nd7 4.
c4 c6 5. cxd5 cxd5 6. Qa4 Bxf3 7. Bxf3 Nf6 8. Nc3 e6 9. d3 Bd6 10. e4 dxe4 11. dxe4 O-O 12. O-O Nc5 13. Qc2 Be5 14.
Rd1 Qe7 15. Be3 Rac8 16. Rac1 a6 17. h3 Nfd7 18. b4 Nxe4 19. Qxe4 Rxc3 20. Rxc3 Bxc3 21. Qxb7 Rd8 22. Bc6 1-0

[Event "*** Titled Tuesday Blitz"]
[Site "Chess.com"]
[Date "2021.04.27"]
[Round "6"]
[White "KetiGrant"]
[Black "andriipalchuk"]
[Result "0-1"]
[WhiteElo "2356"]
[BlackElo "2577"]
[TimeControl "180+1"]
[EndTime "11:04:40 PDT"]
[Termination "andriipalchuk won by resignation"]

1. e4 e5 2. Nf3 Nc6 3. Bb5 a6 4. Ba4 Nf6 5. O-O Nxe4 6. d4 b5 7. Bb3 d5 8. dxe5 Be6 9. c3 Bc5 10. Nbd2 O-O 11. Nxe4 dxe4 12. Ng5 Qxd1 13. Rxd1 Bxb3 14.
axb3 Nxe5 15. Nxe4 Bb6 16. Bf4 Ng4 17. h3 Rfe8 18. hxg4 Rxe4 19. Rxa6 Rae8 20. Bg3 Rxg4 21. Kh2 h5 22. f3 Rg6 23. Rd5 Bg1+ 24. Kxg1 Rxa6 25. Rxb5 Ra1+ 26. Kh2 Ra2 27. Bxc7 Rxb2 28. Be5 f6 29. Bd4 Ree2 30. b4 Rxg2+ 31. Kh1 Rge2 0-1

[Event "*** Titled Tuesday Blitz"]
[Site "Chess.com"]
[Date "2021.04.27"]
[Round "6"]
[White "LazyIM"]
[Black "mjray79"]
[Result "1/2-1/2"]
[WhiteElo "2606"]
[BlackElo "2467"]
[TimeControl "180+1"]
[EndTime "11:04:43 PDT"]
[Termination "Game drawn by repetition"]

1. e4 e5 2. Nf3 Nc6 3. Bb5 a6 4.
Ba4 Nf6 5. O-O Be7 6. Re1 b5 7. Bb3 d6 8. d3 O-O 9. a4 b4 10. a5 Be6 11. Bxe6 fxe6 12. c3 bxc3 13. bxc3 Qe8 14. d4 exd4 15. cxd4 e5 16. d5 Nd8 17. Nfd2 Qg6 18. f3 Nh5 19. Nc4 Nf7 20. Ne3 Bh4 21. Re2 Ng5 22. Kh1 Nxf3 23. gxf3 Rxf3 24. Nd2 Rh3 25.
Rg2 Bg3 26. Nef1 Rf8 27. Ra3 Rf2 28. Raxg3 Nxg3+ 29. Rxg3 Qxg3 30. Nxg3 Rhxh2+ 31. Kg1 Rhg2+ 32. Kh1 Rh2+ 33. Kg1 Rhg2+ 34. Kh1 Rh2+ 1/2-1/2

[Event "*** Titled Tuesday Blitz"]
[Site "Chess.com"]
[Date "2021.04.27"]
[Round "6"]
[White "dennisodessa"]
[Black "StockholmMissile"]
[Result "0-1"]
[WhiteElo "2435"]
[BlackElo "2603"]
[TimeControl "180+1"]
[EndTime "11:04:44 PDT"]
[Termination "StockholmMissile won by resignation"]

1. d4 d5 2. c4 c6 3. Nf3 Nf6 4. Nbd2 e6 5. e3 c5 6. Bd3 Nc6 7. O-O cxd4 8. exd4 Be7 9. b3 O-O 10. Bb2 b6 11. Qe2 Bb7 12. Rad1 Qc7 13. Ne5 Rad8 14. cxd5 Nxd5 15. Qh5 g6 16. Nxg6 fxg6 17. Bxg6 Nf6 18. Bxh7+ Nxh7 19. Qg6+ Kh8 20. d5+ Ne5 21.
f4 Bf6 22. fxe5 Bxe5 23. Rxf8+ Rxf8 24. Rc1 Qd6 25. Bxe5+ Qxe5 26. h3 0-1

[Event "*** Titled Tuesday Blitz"]
[Site "Chess.com"]
[Date "2021.04.27"]
[Round "6"]
[White "adriangschnitzer"]
[Black "tapu2"]
[Result "0-1"]
[WhiteElo "2506"]
[BlackElo "2718"]
[TimeControl "180+1"]
[EndTime "11:04:45 PDT"]
[Termination "tapu2 won by checkmate"]

1. e4 c5 2. a3 g6 3. h4 h5 4. Nc3 Bg7 5. Bc4 Nc6 6. d3 a6 7.
a4 e6 8. Bg5 Qc7 9. Nf3 Nge7 10. Qe2 Nd4 11. Nxd4 cxd4 12. Nd1 Nc6 13. O-O Ne5 14.
Bb3 Ng4 15. g3 b6 16. f3 Qxg3+ 17. Qg2 Qxg2+ 18. Kxg2 Ne5 19. f4 Ng4 20. f5 gxf5 21. exf5 Bb7+ 22. Kh3 Be5 23. fxe6 fxe6 24. Nf2 Ne3 25.
Rg1 Rf8 26. Bxe3 Rf3+ 27. Kg2 dxe3 28. Ne4 Rf2+ 29. Kh1 Rh2# 0-1

[Event "*** Titled Tuesday Blitz"]
[Site "Chess.com"]
[Date "2021.04.27"]
[Round "6"]
[White "GregShahade"]
[Black "Mikhal867"]
[Result "1-0"]
[WhiteElo "2657"]
[BlackElo "2435"]
[TimeControl "180+1"]
[EndTime "11:04:47 PDT"]
[Termination "GregShahade won by resignation"]

1. e4 g6 2. d4 Bg7 3. Nc3 d6 4. Nf3 a6 5. Bf4 Nd7 6. e5 Nh6 7.
Bd3 c5 8. exd6 cxd4 9. Ne4 e5 10. Bg5 f6 11. Bxh6 Bxh6 12. O-O O-O 13. c3 f5 14.
cxd4 fxe4 15. Bxe4 Nf6 16. dxe5 Nxe4 17. Qd5+ Kh8 18. Qxe4 Bf5 19. Qxb7 Rb8 20. Qxa6 Rxb2 21. Nd4 Bc8 22. Qa3 Qb6 23. Rad1 Rbxf2 24. Rxf2 Bg4 25.
Rxf8+ Bxf8 26. Qa8 Kg8 27. Qd5+ Kh8 28. Rf1 Bg7 29.
Qa8+ 1-0

[Event "*** Titled Tuesday Blitz"]
[Site "Chess.com"]
[Date "2021.04.27"]
[Round "6"]
[White "picturesquecheck"]
[Black "Zipa5"]
[Result "1-0"]
[WhiteElo "2292"]
[BlackElo "1864"]
[TimeControl "180+1"]
[EndTime "11:04:48 PDT"]
[Termination "picturesquecheck won on time"]

1. e4 e6 2. d4 c5 3. Nf3 cxd4 4.
Nxd4 Nc6 5. Be2 Qb6 6. Nb3 Nf6 7. Nc3 a6 8. O-O Be7 9. Be3 Qc7 10. f4 d6 11. Kh1 b5 12. a3 Bb7 13. Bf3 O-O 14.
Qd2 Rfd8 15. Rad1 b4 16. Na4 bxa3 17. bxa3 Nd7 18. Qf2 e5 19. Bh5 Nf6 20. Bf3 exf4 21. Bxf4 Ne5 22. Rfe1 Nxf3 23. gxf3 Re8 24. Qb6 1-0

[Event "*** Titled Tuesday Blitz"]
[Site "Chess.com"]
[Date "2021.04.27"]
[Round "6"]
[White "erdni1993"]
[Black "monikarozman"]
[Result "0-1"]
[WhiteElo "2405"]
[BlackElo "2214"]
[TimeControl "180+1"]
[EndTime "11:04:49 PDT"]
[Termination "monikarozman won by resignation"]

1. e4 c5 2. Nf3 Nc6 3. d4 cxd4 4. Nxd4 Nf6 5. Nc3 e5 6. Ndb5 d6 7. a4 a6 8. Na3 Be7 9. Bc4 O-O 10. O-O Bg4 11. f3 Be6 12. Be3 Rc8 13. Nd5 Bxd5 14. Bxd5 Nxd5 15. exd5 Nb8 16. c3 f5 17. Qb3 Nd7 18. Nc4 f4 19. Bf2 Rf6 20. Nd2 Rg6 21. Qxb7 Rb8 22. Qxa6 Rxb2 23. Ne4 Nf6 24. Rab1 Qb8 25.
Rxb2 Qxb2 26. Qc8+ Bf8 27. Qe6+ Kh8 28. Nxd6 Bxd6 29.
Qxd6 Qxc3 30. Qf8+ Ng8 31. d6 Qd2 32. Re1 Rxd6 33. Rxe5 Qc1+ 34. Re1 Rd1 35. Qe7 Nxe7 0-1

[Event "*** Titled Tuesday Blitz"]
[Site "Chess.com"]
[Date "2021.04.27"]
[Round "6"]
[White "chessmachine14"]
[Black "gisela_roque"]
[Result "1-0"]
[WhiteElo "2264"]
[BlackElo "1876"]
[TimeControl "180+1"]
[EndTime "11:04:52 PDT"]
[Termination "chessmachine14 won by resignation"]

1. d4 Nf6 2. Bg5 b6 3. c4 Bb7 4. Nc3 e6 5. e4 Be7 6. Bxf6 gxf6 7. Nge2 c5 8. d5 d6 9. Nf4 e5 10. Nh5 Nd7 11. Ng7+ Kf8 12. Nf5 Rg8 13. Qh5 Ke8 14. Qxh7 Rg4 15. Be2 Nf8 16. Ng7+ 1-0

[Event "*** Titled Tuesday Blitz"]
[Site "Chess.com"]
[Date "2021.04.27"]
[Round "6"]
[White "WPWPWP-2015"]
[Black "Aradhya2000"]
[Result "0-1"]
[WhiteElo "2414"]
[BlackElo "2618"]
[TimeControl "180+1"]
[EndTime "11:04:58 PDT"]
[Termination "Aradhya2000 won by checkmate"]

1. e4 e5 2. Nc3 Nc6 3. g3 Bc5 4. Bg2 d6 5. Nge2 h5 6. h3 Be6 7.
O-O Qd7 8. Kh2 O-O-O 9. f4 f5 10. d3 Nf6 11. Nd5 fxe4 12. dxe4 exf4 13. Nexf4 Ng4+ 14. Kh1 Nf2+ 15. Rxf2 Bxf2 16. Qf3 Bc5 17. Nxe6 Qxe6 18. Bg5 Rdf8 19. Qb3 Nd4 20. Qc3 Rf2 21. b4 Rxg2 22. Ne7+ Kb8 23. Kxg2 Qxe4+ 24. Kf1 Qh1+ 25. Kf2 Nb5+ 26.
Qxc5 Qh2+ 27. Kf3 dxc5 28. Bf4 Nd4+ 29. Ke4 Qe2+ 30. Kd5 Rd8+ 31. Kxc5 Qb5# 0-1

[Event "*** Titled Tuesday Blitz"]
[Site "Chess.com"]
[Date "2021.04.27"]
[Round "6"]
[White "Nafania1"]
[Black "Rodalquilar"]
[Result "0-1"]
[WhiteElo "2539"]
[BlackElo "2767"]
[TimeControl "180+1"]
[EndTime "11:05:01 PDT"]
[Termination "Rodalquilar won by resignation"]

1. e4 d5 2. exd5 Qxd5 3. Nc3 Qa5 4. d4 Nf6 5. Nf3 Bf5 6. Ne5 c6 7. Bf4 Nbd7 8. Nc4 Qd8 9. Ne3 Be6 10. d5 cxd5 11. Nexd5 Nxd5 12. Nxd5 Qa5+ 13. Nc3 O-O-O 14. Be2 Nb6 15. Qc1 g5 16. Bxg5 Rg8 17. Bf4 Rxg2 18. Bg3 Bg7 19. Qf4 Bxc3+ 20. bxc3 Qxc3+ 21. Kf1 Rxg3 22. hxg3 Qxa1+ 23. Kg2 Qd4 24. Qg5 Qd5+ 25. Qxd5 Bxd5+ 0-1

[Event "*** Titled Tuesday Blitz"]
[Site "Chess.com"]
[Date "2021.04.27"]
[Round "6"]
[White "Aygehovit1992"]
[Black "fabianvivasz"]
[Result "1-0"]
[WhiteElo "2625"]
[BlackElo "2368"]
[TimeControl "180+1"]
[EndTime "11:05:04 PDT"]
[Termination "Aygehovit1992 won on time"]

1. e4 e5 2. Nf3 Nc6 3. Bb5 f5 4. d3 fxe4 5. dxe4 Nf6 6. Nc3 Bb4 7. Bc4 Bxc3+ 8. bxc3 d6 9. O-O Qe7 10. Nh4 g6 11. Bg5 Be6 12. Bd5 Qf7 13. Rb1 Nxd5 14. exd5 Bxd5 15. Rxb7 O-O 16. Rxc7 Qxc7 17. Qxd5+ Kg7 18.
Rd1 Qf7 19. Qxf7+ Rxf7 20. Rxd6 Rc8 21. Nf3 h6 22. Be3 Rfc7 23. h4 Rd8 24. Re6 Rd1+ 25.
Kh2 Rd5 26. h5 1-0

[Event "*** Titled Tuesday Blitz"]
[Site "Chess.com"]
[Date "2021.04.27"]
[Round "6"]
[White "FeketeBarika"]
[Black "Apocalyps999"]
[Result "0-1"]
[WhiteElo "2252"]
[BlackElo "2448"]
[TimeControl "180+1"]
[EndTime "11:05:09 PDT"]
[Termination "Apocalyps999 won by resignation"]

1. Nf3 d5 2. g3 Nc6 3. Bg2 e5 4. O-O Nf6 5. c4 Be6 6. cxd5 Nxd5 7. Nc3 Be7 8. d3 O-O 9. Bd2 Qd7 10. Rc1 Rad8 11.
a3 Nb6 12. b4 Bh3 13. Bxh3 Qxh3 14. Ne4 Nd5 15. Qb3 Nd4 16. Nxd4 exd4 17. Ng5 Bxg5 18.
Bxg5 Rd6 19. e4 dxe3 20. fxe3 c6 21. Bf4 Re6 22. e4 Nf6 23. Bg5 Ng4 24. Qc2 Rg6 25.
Bf4 Rd8 26. Rcd1 h5 27. Qg2 Qxg2+ 28. Kxg2 h4 29. d4 hxg3 30. hxg3 Re6 31. e5 f6 32.
exf6 Nxf6 33. Be5 Nd5 34. Rf3 Ne7 35. Rdf1 Ng6 36. Rf5 Nxe5 37. dxe5 Rde8 38. Re1 g6 39. Rg5 Kg7 40. Kf3 Rd8 41. Ke4 Rd5 42. Re3 Kh6 43.
Kf4 Rd4+ 44. Re4 Rxe4+ 45. Kxe4 Kxg5 0-1

[Event "*** Titled Tuesday Blitz"]
[Site "Chess.com"]
[Date "2021.04.27"]
[Round "6"]
[White "masteryoungK"]
[Black "mbojan"]
[Result "0-1"]
[WhiteElo "2433"]
[BlackElo "2641"]
[TimeControl "180+1"]
[EndTime "11:05:11 PDT"]
[Termination "mbojan won by resignation"]

1. e4 g6 2. d4 Bg7 3. Nc3 d6 4. f4 a6 5. Nf3 b5 6. Bd3 Nd7 7. e5 c5 8. Be4 Rb8 9. exd6 Ngf6 10.
dxc5 Nxe4 11. Nxe4 Bb7 12. Qe2 O-O 13. O-O Bxe4 14.
Qxe4 exd6 15. cxd6 Qb6+ 16. Be3 Qxd6 17. Rad1 Qc7 18. c3 Rfe8 19. Qd3 Nc5 20. Bxc5 Qxc5+ 21. Kh1 a5 22. a3 b4 23. axb4 axb4 24. Nd4 bxc3 25.
bxc3 Rbc8 26. f5 Qxc3 27. Qxc3 Rxc3 28. f6 Bf8 29. Rde1 Rd8 30. Nf3 Rc6 31. Ng5 h6 32.
Ne4 Re8 33. Re3 Rce6 34. Rfe1 Bb4 35. R1e2 Bc5 0-1

[Event "*** Titled Tuesday Blitz"]
[Site "Chess.com"]
[Date "2021.04.27"]
[Round "6"]
[White "bennyficial"]
[Black "ADODOVE"]
[Result "1-0"]
[WhiteElo "2198"]
[BlackElo "1978"]
[TimeControl "180+1"]
[EndTime "11:05:17 PDT"]
[Termination "bennyficial won on time"]

1. Nf3 Nf6 2. c4 e6 3. e3 d5 4. b3 Be7 5. Bb2 O-O 6. Be2 a5 7. O-O a4 8. d4 a3 9. Bc3 Ne4 10. Nfd2 Nxc3 11. Nxc3 Bf6 12. c5 e5 13. Nf3 e4 14.
Nd2 b6 15. b4 bxc5 16. bxc5 Ba6 17. Rb1 Bxe2 18. Qxe2 Nc6 19. Rb7 Qd7 20. Rfb1 Rfb8 21. R1b5 Rxb7 22. Rxb7 Na5 23. Rb5 Nc6 24. Qd1 Ne7 25.
Rb7 Qc6 26. Qb3 1-0

[Event "*** Titled Tuesday Blitz"]
[Site "Chess.com"]
[Date "2021.04.27"]
[Round "6"]
[White "HanSchut"]
[Black "stolencandy13"]
[Result "1/2-1/2"]
[WhiteElo "2292"]
[BlackElo "2461"]
[TimeControl "180+1"]
[EndTime "11:05:18 PDT"]
[Termination "Game drawn by repetition"]

1. e4 c6 2. d4 d5 3. e5 Bf5 4.
Nf3 e6 5. Be2 Bg6 6. O-O Nh6 7.
c3 Nf5 8. g3 a6 9. Nbd2 c5 10.
dxc5 Bxc5 11. Nb3 Be7 12. Nbd4 Nc6 13. Nxf5 Bxf5 14. Re1 O-O 15. Kg2 Qc7 16. Bf4 Rfd8 17. Bd3 Bxd3 18. Qxd3 Rac8 19. h4 b5 20. Ng5 Bxg5 21. hxg5 d4 22. Rh1 g6 23. g4 Nxe5 24. Qh3 Qc6+ 25. f3 Qxf3+ 26. Qxf3 Nxf3 27. Kxf3 dxc3 28. bxc3 Rxc3+ 29. Be3 Rdd3 30. Rhe1 Rd5 31. Kf2 Rc2+ 32. Re2 Rxe2+ 33. Kxe2 Kg7 34. Rd1 Rxd1 35. Kxd1 f6 36. gxf6+ Kxf6 37. g5+ Kf5 38. Ke2 Ke4 39. Bd2 e5 40. Bc3 Kf4 41. Bd2+ Ke4 42. Bc3 Kf4 43.
Bd2+ Ke4 1/2-1/2

[Event "*** Titled Tuesday Blitz"]
[Site "Chess.com"]
[Date "2021.04.27"]
[Round "6"]
[White "GM_LOADING"]
[Black "poppy73"]
[Result "1-0"]
[WhiteElo "2558"]
[BlackElo "2190"]
[TimeControl "180+1"]
[EndTime "11:05:22 PDT"]
[Termination "GM_LOADING won by resignation"]

1. d4 Nf6 2. Nf3 g6 3. Bg5 Bg7 4. Nbd2 d6 5. c3 h6 6. Bh4 Nbd7 7. e3 O-O 8. Bc4 c6 9. O-O a5 10. a4 Qc7 11. Qc2 e5 12. dxe5 dxe5 13. Qxg6 Nd5 14.
Qc2 N7b6 15. Bb3 Be6 16. Rfe1 Rae8 17. e4 Nf4 18. Bg3 Nh5 19. Rad1 Nxg3 20. hxg3 Nd7 21. Bxe6 Rxe6 22. Nc4 b5 23. Ne3 Rd8 24. Nf5 Bf8 25. Rd2 Nc5 26. axb5 cxb5 27. Rd5 Rxd5 28. exd5 Re8 29.
d6 Bxd6 30. Nxh6+ Kg7 31. Nf5+ Kg8 32. Ng5 Ne6 33. Nh6+ Kg7 34. Qh7+ Kf6 35. Ne4+ Ke7 36. Nf5+ Kd8 37. Nexd6 1-0

[Event "*** Titled Tuesday Blitz"]
[Site "Chess.com"]
[Date "2021.04.27"]
[Round "6"]
[White "Homino"]
[Black "friesnielsen2302"]
[Result "0-1"]
[WhiteElo "2322"]
[BlackElo "2529"]
[TimeControl "180+1"]
[EndTime "11:05:24 PDT"]
[Termination "friesnielsen2302 won by resignation"]

1. e4 c5 2. Nf3 Nc6 3. d4 cxd4 4. Nxd4 a6 5. c4 e5 6. Nf3 Bc5 7. Nc3 d6 8. Be2 Nf6 9. O-O O-O 10. Bg5 h6 11. Bh4 Be6 12. Ne1 g5 13. Bg3 Nd4 14. Nc2 Nxe2+ 15. Qxe2 Rc8 16. b3 Qa5 17. Qd3 Kg7 18.
Ne3 Bd4 19. Rac1 Bxc3 20. Rxc3 Nxe4 21. b4 Qxb4 22. Rb3 Nc5 23. Qxd6 Qa5 24. Qxe5+ f6 25. Qc3 Nxb3 26. Qxb3 b5 27. Qb1 bxc4 28. Re1 Qb5 29.
Qc1 Rfe8 30. h4 c3 31. hxg5 hxg5 32. Nc2 Rcd8 33. Qe3 Qd3 34. Qa7+ Rd7 35. Qb6 Qxc2 36. Rxe6 Qd1+ 37. Kh2 Rh8+ 0-1

[Event "*** Titled Tuesday Blitz"]
[Site "Chess.com"]
[Date "2021.04.27"]
[Round "6"]
[White "Irishchessman16"]
[Black "ErikRonka"]
[Result "0-1"]
[WhiteElo "2282"]
[BlackElo "2468"]
[TimeControl "180+1"]
[EndTime "11:05:24 PDT"]
[Termination "ErikRonka won by resignation"]

1. e4 g6 2. d4 Bg7 3. Nc3 c6 4. f4 d5 5. e5 Nh6 6. Nf3 f6 7.
exf6 exf6 8. Be2 O-O 9. O-O Nd7 10. Nh4 Nb6 11. a4 Bd7 12. f5 Nxf5 13. Nxf5 Bxf5 14.
Rxf5 gxf5 15. Bd3 Nc8 16. Qh5 Nd6 17. Bf4 Qe8 18. Qxe8 Nxe8 19. Bxf5 Rd8 20. Re1 Nd6 21. Be6+ Kh8 22. b3 Rfe8 23. Kf2 f5 24. Re5 h6 25. Bxf5 Bxe5 26. Bxe5+ Rxe5 0-1

[Event "*** Titled Tuesday Blitz"]
[Site "Chess.com"]
[Date "2021.04.27"]
[Round "6"]
[White "exoticprincess"]
[Black "klimkoj"]
[Result "1-0"]
[WhiteElo "2914"]
[BlackElo "2611"]
[TimeControl "180+1"]
[EndTime "11:05:25 PDT"]
[Termination "exoticprincess won by resignation"]

1. e4 c5 2. d4 cxd4 3. c3 dxc3 4. Nxc3 Nc6 5. Nf3 a6 6. Bc4 d6 7. O-O Nf6 8. Qe2 Bg4 9. Rd1 e6 10. Bf4 Qb8 11. h3 Bxf3 12. Qxf3 Ne5 13. Qe2 Be7 14.
Bb3 O-O 15. Be3 b5 16. f4 Nc6 17. f5 b4 18. Na4 exf5 19. exf5 Qb7 20. Rac1 Na5 21.
Nb6 Nxb3 22. axb3 Rae8 23. Qd3 Bd8 24. Nc4 d5 25. Nd6 Rxe3 26. Nxb7 Rxd3 27. Rxd3 Bb6+ 28.
Kf1 Rb8 29. Nd6 Kf8 30. Rc6 a5 31. g4 h6 32. Kg2 Bd8 33. Kf3 Ke7 34. h4 Kd7 35. Ra6 Bc7 36. Nxf7 Rf8 37. Rxf6 gxf6 38. Nxh6 Kd6 39. g5 fxg5 40. hxg5 Bd8 41. Kg4 Ke5 42.
Re3+ Kd6 43. Re6+ Kd7 44. g6 1-0

[Event "*** Titled Tuesday Blitz"]
[Site "Chess.com"]
[Date "2021.04.27"]
[Round "6"]
[White "Steegersee"]
[Black "niki_2003"]
[Result "1-0"]
[WhiteElo "2200"]
[BlackElo "2028"]
[TimeControl "180+1"]
[EndTime "11:05:25 PDT"]
[Termination "Steegersee won by checkmate"]

1. e4 c5 2. Nf3 d6 3. d4 cxd4 4.
Nxd4 a6 5. Nc3 Nf6 6. Bg5 e6 7. f4 Be7 8. Qf3 h6 9. Bxf6 Bxf6 10. O-O-O Qb6 11. Nb3 Nc6 12. Rxd6 g5 13. e5 Be7 14. Rd1 gxf4 15. Kb1 Nxe5 16. Qxf4 Ng6 17. Qd4 Qxd4 18. Nxd4 O-O 19. Bd3 Nf4 20. g3 Nxd3 21. Rxd3 b5 22. Nc6 Bc5 23. Ne4 Bb7 24. Nxc5 Bxc6 25. Rhd1 Bd5 26.
Nd7 Rfe8 27. Nf6+ Kg7 28. Nxd5 exd5 29. Rxd5 Re6 30. b3 Rae8 31. Kb2 Re2 32. R1d2 R8e5 33. a4 Rxd5 34. Rxe2 bxa4 35. bxa4 a5 36. Kb3 Re5 37. Rxe5 Kf6 38. Rxa5 Kg6 39. Rb5 f6 40. a5 f5 41. a6 Kg5 42. a7 Kg4 43. a8=Q Kh3 44. Qf3 Kxh2 45. Rxf5 h5 46. Rxh5+ Kg1 47. Rh1# 1-0

[Event "*** Titled Tuesday Blitz"]
[Site "Chess.com"]
[Date "2021.04.27"]
[Round "6"]
[White "AryanTari"]
[Black "Dyadya81"]
[Result "1-0"]
[WhiteElo "2896"]
[BlackElo "2717"]
[TimeControl "180+1"]
[EndTime "11:05:34 PDT"]
[Termination "AryanTari won by resignation"]

1. e4 c6 2. d4 d5 3. exd5 cxd5 4.
Bd3 Nf6 5. c3 Bg4 6. Qb3 Qc7 7.
h3 Bh5 8. Ne2 Nc6 9. Bf4 Qd7 10.
O-O e6 11. Ng3 Bg6 12. Bxg6 hxg6 13. Nd2 Bd6 14. Bxd6 Qxd6 15. Nf3 Ne4 16. Nxe4 dxe4 17. Ng5 Qd5 18. Qxb7 O-O 19. c4 Qxc4 20. Rac1 Na5 21. Qxe4 Qd5 22. Qh4 Rfd8 23. Rc7 Rd7 24. Rxd7 Qxd7 25. Qh7+ Kf8 26. Qh8+ Ke7 27. Qxa8 Nc6 28.
Nf3 1-0

[Event "*** Titled Tuesday Blitz"]
[Site "Chess.com"]
[Date "2021.04.27"]
[Round "6"]
[White "Michaelson_11"]
[Black "viktorgen2021"]
[Result "0-1"]
[WhiteElo "2233"]
[BlackElo "2384"]
[TimeControl "180+1"]
[EndTime "11:05:34 PDT"]
[Termination "viktorgen2021 won on time"]

1. e4 d5 2. exd5 Nf6 3. d4 g6 4.
Nf3 Bg7 5. c4 O-O 6. Be2 b5 7. b3 Bb7 8. O-O Nbd7 9. a4 bxc4 10.
bxc4 c6 11. dxc6 Bxc6 12. a5 Rc8 13. Na3 Ba8 14. Be3 Ne4 15. Qd3 e5 16. d5 Ndc5 17.
Qc2 Nd6 18. Rab1 Qxa5 19. Ra1 Qd8 20. Rfd1 f5 21. Bxc5 Rxc5 22. Qb3 e4 23. Nd4 Qf6 24. Rab1 Rfc8 25. Nab5 Nxc4 26. Bxc4 Rxc4 27. d6 Bd5 28.
Na3 R4c5 29. Qb4 Bf8 30. Ndb5 a6 31. Rxd5 Rxd5 32. Qb3 Qf7 33. Nc7 Rxd6 34. Qxf7+ Kxf7 0-1

[Event "*** Titled Tuesday Blitz"]
[Site "Chess.com"]
[Date "2021.04.27"]
[Round "6"]
[White "Korchmar_Vasiliy"]
[Black "Karttunen"]
[Result "1-0"]
[WhiteElo "2693"]
[BlackElo "2508"]
[TimeControl "180+1"]
[EndTime "11:05:37 PDT"]
[Termination "Korchmar_Vasiliy won by resignation"]

1. d4 Nf6 2. Nf3 g6 3. Bg5 Bg7 4. Nbd2 O-O 5. e3 b6 6. Bd3 Bb7 7. O-O d6 8. a4 a5 9. c3 Nbd7 10. Re1 e5 11. e4 h6 12. Bh4 c6 13. Nc4 Qc7 14. h3 Rfe8 15. Bg3 Nh5 16. Bh2 Rad8 17. Qb3 Nf4 18. Bf1 Nf8 19. Bxf4 exf4 20. Qxb6 Qxb6 21.
Nxb6 d5 22. exd5 cxd5 23. b4 Rxe1 24. Rxe1 axb4 25. cxb4 Ne6 26. Rd1 Bf8 27. Rb1 Bg7 28. a5 Nxd4 29. a6 Nxf3+ 30. gxf3 Bd4 31. Na4 Bc6 32.
b5 Bd7 33. Rd1 Re8 34. Rxd4 Re1 35. Kg2 Rxf1 36. Kxf1 Bxb5+ 37. Ke1 Bxa6 38. Rxf4 Bc8 39. h4 Kg7 40. Nb6 Be6 41. Rd4 g5 42. hxg5 h5 43.
Nxd5 Kg6 44. Nf4+ Kxg5 45. Nxe6+ fxe6 46. Kf1 1-0

[Event "*** Titled Tuesday Blitz"]
[Site "Chess.com"]
[Date "2021.04.27"]
[Round "6"]
[White "Omk124"]
[Black "LenkaPtacnikova"]
[Result "1-0"]
[WhiteElo "2560"]
[BlackElo "2200"]
[TimeControl "180+1"]
[EndTime "11:05:39 PDT"]
[Termination "Omk124 won by resignation"]

1. e4 c5 2. Nf3 e6 3. d4 cxd4 4. Nxd4 a6 5. c4 Nf6 6. Nc3 Qc7 7. a3 Nc6 8. Be3 Be7 9. Be2 O-O 10. O-O b6 11. Rc1 Bb7 12. f3 Ne5 13. Kh1 Rac8 14.
b4 d6 15. Na4 Ned7 16. Qe1 Qb8 17. Nb3 Bc6 18. Nc3 d5 19. exd5 exd5 20. cxd5 Nxd5 21.
Bxa6 Nxe3 22. Bxc8 Nxf1 23. Bxd7 Bxd7 24. Qxe7 Be6 25. Rxf1 Bxb3 26. Ne4 Rd8 27. Rc1 h6 28. h3 Bd5 29. Rc7 Be6 30. Nd6 Rf8 31. a4 Qa8 32.
Ra7 Qc6 33. Qc7 Qd5 34. Qxb6 g5 35. Ne4 Qd1+ 36. Kh2 Kg7 37. Qc5 1-0

[Event "*** Titled Tuesday Blitz"]
[Site "Chess.com"]
[Date "2021.04.27"]
[Round "6"]
[White "northridgehawk"]
[Black "Fighterman91"]
[Result "1-0"]
[WhiteElo "2370"]
[BlackElo "2611"]
[TimeControl "180+1"]
[EndTime "11:05:40 PDT"]
[Termination "northridgehawk won on time"]

1. e4 c5 2. Nf3 d6 3. d4 cxd4 4. Nxd4 Nf6 5. Nc3 a6 6. h3 e5 7. Nde2 h5 8. g3 Be6 9. Bg2 Nbd7 10. a4 Rc8 11. O-O Be7 12. Be3 O-O 13. Nd5 Nxd5 14. exd5 Bf5 15. c3 Re8 16. f4 Bh7 17. Qd2 Nc5 18. f5 Nb3 19. Qd1 Nxa1 20. Qxa1 Bg5 21.
Qc1 Bxe3+ 22. Qxe3 Qd7 23. Be4 Qxa4 24. g4 Rc4 25.
Ng3 h4 26. Nh5 f6 27. Bf3 Qb5 28. Kh1 Rxc3 29. Qf2 Rc2 30. Qg1 e4 31. Bd1 Rxb2 32.
g5 fxg5 33. f6 Rf8 34. Nxg7 Qxd5 35. Nf5 e3+ 36. Rf3 Kh8 37. Ne7 1-0